 Dungeon Crawl Stone Soup version 0.19-a0-330-g034cfd4 (webtiles) character file.

155 shmeve the Shield-Bearer (level 5, -4/43 HPs)
             Began as a Formicid Fighter on May 28, 2016.
             Was an Initiate of Okawaru.
             Slain by Grinder (5 damage)
             ... on level 3 of the Dungeon.
             The game lasted 00:04:27 (2071 turns).

shmeve the Shield-Bearer (Formicid Fighter)         Turns: 2071, Time: 00:04:28

Health: -4/43      AC:  9    Str: 21    XL:     5   Next: 63%
Magic:  6/6        EV:  6    Int:  8    God:    Okawaru [......]
Gold:   24         SH:  9    Dex: 10    Spells: 0 memorised, 4 levels left

rFire  . . .     SeeInvis +     a - +0 war axe
rCold  . . .     Gourm    .     n - +0 chain mail
rNeg   . . .     Faith    +     c - +0 shield
rPois  +         Spirit   .     (helmet unavailable)
rElec  .         Dismiss  .     (no cloak)
rCorr  .         Reflect  .     (no gloves)
SustAt .         Harm     .     (no boots)
MR     .....                    u - amulet of faith
Stlth  ..........               (no ring)
                                e - ring of poison resistance

@: not resistant to hostile enchantments, extremely unstealthy
A: permanent stasis, dig shafts and tunnels, four strong arms, antennae 3
a: Dig, Shaft Self, Renounce Religion


You were on level 3 of the Dungeon.
You worshipped Okawaru.
Okawaru was noncommittal.
You were very hungry.

You visited 1 branch of the dungeon, and saw 3 of its levels.

You collected 24 gold pieces.

Inventory:

Hand Weapons
 a - a +0 war axe (weapon)
Armour
 c - a +0 shield (worn)
 n - a +0 chain mail (worn)
Jewellery
 e - a ring of poison resistance (left hand)
 u - an amulet of faith (around neck)
 y - an uncursed amulet of guardian spirit {unknown}
Scrolls
 b - a scroll of magic mapping {unknown}
 g - a scroll of enchant armour {unknown}
 h - 3 scrolls of teleportation {unknown}
 i - a scroll of enchant weapon {unknown}
 l - 5 scrolls of identify {unknown}
 p - a scroll of blinking {unknown}
 q - 2 scrolls of recharging {unknown}
 s - a scroll of amnesia {unknown}
 v - 2 scrolls of random uselessness {unknown}
Potions
 d - 2 potions of might
 j - 2 potions of ambrosia {unknown}
 k - 3 potions of agility {unknown}
 o - a potion of berserk rage {unknown}
 t - a potion of invisibility {unknown}
 w - a potion of resistance {unknown}
 x - a potion of magic {unknown}
 z - a potion of curing {unknown}
 A - a potion of flight {unknown}
Comestibles
 f - 3 bread rations
 m - 4 meat rations
 r - a slice of pizza


   Skills:
 * Level 4.3 Fighting
 * Level 2.6 Axes
 + Level 4.0 Armour
 * Level 1.5 Dodging
 * Level 4.3 Shields
 + Level 1.3 Invocations


You had 4 spell levels left.
You didn't know any spells.

Dungeon Overview and Level Annotations

Branches:
Dungeon (3/15)

Altars:
Gozag
Kikubaaqudgha
Okawaru
Qazlal

Annotations:
D:3 Grinder


Innate Abilities, Weirdness & Mutations

You are under a permanent stasis effect.
You can dig through walls and to a lower floor.
Your four strong arms can wield two-handed weapons with a shield.
You have a pair of large antennae on your head. (SInv)


Message History

Grinder gestures at you. Pain shoots through your body!
You closely miss Grinder.
Grinder is heavily wounded.
Grinder says, "Wait up."
Grinder hits you.
You writhe in agony.
You completely miss Grinder.
Grinder is heavily wounded.
Grinder hits you.
* * * LOW HITPOINT WARNING * * *
You writhe in agony.
* * * LOW HITPOINT WARNING * * *
Grinder gestures at you.
You struggle to resist.
Your chain mail prevents you from hitting Grinder.
Grinder is heavily wounded.
Grinder hits you.
* * * LOW HITPOINT WARNING * * *
You writhe in agony.
You die...

#.# #.# #.#
#.# #.# #.#
#.#
##l#######.#
#goo5@.....#
#.###########
{ { {


You could see Grinder, 2 orcs, a hobgoblin and a giant newt.

Vanquished Creatures
  An orc wizard (D:3)
  Jessica (D:2)
  Robin (D:2)
  2 adders (D:2)
  An ooze (D:2)
  A worm (D:2)
  2 dart slugs
  A giant gecko (D:1)
  4 ball pythons
  4 giant cockroaches (D:1)
  12 goblins
  9 hobgoblins
  3 kobolds
  A quokka (D:3)
  5 bats
  5 giant newts
  3 rats
56 creatures vanquished.

Notes
Turn   | Place    | Note
--------------------------------------------------------------
     0 | D:1      | shmeve the Formicid Fighter began the quest for the Orb.
     0 | D:1      | Reached XP level 1. HP: 18/18 MP: 1/1
    91 | D:1      | Reached XP level 2. HP: 18/24 MP: 2/2
   570 | D:1      | Reached XP level 3. HP: 29/29 MP: 3/3
  1078 | D:2      | Reached skill level 1 in Dodging
  1185 | D:2      | Reached XP level 4. HP: 37/37 MP: 4/4
  1186 | D:2      | Found an opulent altar of Gozag.
  1187 | D:2      | Found an ancient bone altar of Kikubaaqudgha.
  1191 | D:2      | Found an iron altar of Okawaru.
  1194 | D:2      | Became a worshipper of Warmaster Okawaru
  1282 | D:2      | Noticed Robin
  1309 | D:2      | Killed Robin
  1418 | D:2      | Found a stormy altar of Qazlal.
  1493 | D:2      | Reached skill level 1 in Invocations
  1574 | D:2      | Noticed Jessica
  1582 | D:2      | Killed Jessica
  1582 | D:2      | Reached XP level 5. HP: 42/42 MP: 5/5
  2056 | D:3      | Noticed Grinder
  2071 | D:3      | HP: 1/43 [Grinder (2)]
  2071 | D:3      | Slain by Grinder

Vault maps used:
D:1:      dpeg_arrival_prison, serial_bayou, serial_bayou_pond_d,
          serial_bayou_lake_a, serial_bayou_shore_a, serial_bayou_crossing,
          serial_bayou_pond_c
D:2:      mumra_celtic_spiral_tile, minitemple, grunt_qazlal_clouds,
          uniq_jessica, uniq_robin
D:3:      first_bread, uniq_grinder

Skill      XL: |  1  2  3  4  5 |
---------------+----------------+-----
Dodging        | 1 |  1.5
Shields        | 4 |  4.3
Fighting       | 4 |  4.3
Invocations    | 1 |  1.3
Armour         | 4 |  4.0
Axes           | |  2.6

Action                   |  1- 3 |  4- 6 || total
-------------------------+-------+-------++-------
Melee: War axe           |   122 |    78 ||   200
  Use: Potion            |       |     1 ||     1
  Eat: Chunk             |     1 |     2 ||     3
Armor: Scale mail        |    26 |       ||    26
       Chain mail        |    58 |    47 ||   105
Dodge: Dodged            |    36 |    25 ||    61
Block: Shield            |    72 |    38 ||   110
